Map: Invader LE

Players

spenderlou

  • Race: Terran Terran

zergtits - Winner!

  • Race: Zerg Zerg

VOD

Have the link to the VOD?

Description

Time

  • Played on: May 13, 2016, 1:46 p.m.
  • Length: 10:08
Show
View Real Time Build Order
Export as new Build Order

spenderlou Terran 

Build Orders:  

Get SALT Encoding   

  12  0:02  SCV  
  13  0:14  SCV  
  14  0:26  SCV  
  15  0:35  Supply Depot  
  15  0:52  Supply Depot  
  15  0:57  SCV  
  15  1:04  Barracks  
  16  1:09  SCV  
  17  1:19  Supply Depot  
  17  1:21  SCV  
  18  1:29  Refinery  
  18  1:33  SCV  
  19  1:42  Supply Depot  
  19  1:45  SCV  
  20  1:57  SCV  
  21  2:04  Marine  
  22  2:10  SCV  
  23  2:18  Barracks  
  24  2:24  Orbital Command  
  23  2:32  Barracks Reactor  
  23  2:41  Engineering Bay  
  23  2:44  Refinery  
  23  3:00  SCV  
  24  3:08  Marine x2  
  24  3:12  SCV  
  27  3:13  Terran Infantry Weapons Level 1  
  27  3:24  SCV  
  27  3:26  Marine x2  
  30  3:32  Barracks Reactor  
  30  3:36  SCV  
  31  3:44  Marine x2  
  33  3:49  SCV  
  34  4:01  Marine  
  34  4:02  Marine  
  36  4:13  Command Center  
  36  4:15  Marine x2  
  38  4:19  Marine x2  
  40  4:33  Marine x2  
  40  4:35  SCV  
  40  4:37  Marine x2  
  45  4:39  Sensor Tower  
  45  4:47  SCV  
  45  4:51  Marine  
  47  5:03  Supply Depot  
  47  5:07  Terran Infantry Armor Level 1  
  47  5:24  Marine x4  
  47  5:25  SCV  
  47  5:26  Missile Turret  
  52  5:30  SCV  
  53  5:37  SCV  
  53  5:42  SCV, Marine x4  
  59  5:49  SCV  
  60  5:54  SCV  
  61  6:00  Reaper x3, Marine  
  61  6:01  SCV  
  61  6:03  Supply Depot  
  66  6:06  SCV  
  67  6:11  Supply Depot  
  67  6:13  SCV  
  67  6:18  SCV, Reaper  
  69  6:25  SCV  
  66  6:30  SCV  
  66  6:32  Reaper x2  
  56  6:37  SCV  
  56  6:42  SCV  
  47  6:49  SCV  
  47  6:50  Reaper  
  49  6:54  SCV  
  50  7:01  SCV  
  50  7:03  Missile Turret  
  50  7:04  Reaper  
  50  7:07  SCV, Missile Turret  
  53  7:13  SCV  
  54  7:19  SCV  
  55  7:25  SCV  
  55  7:28  Factory  
  56  7:31  SCV  
  56  7:34  Missile Turret  
  57  7:38  SCV  
  57  7:39  Missile Turret  
  57  7:43  SCV  
  59  7:50  SCV  
  60  7:55  SCV  
  61  8:02  SCV  
  62  8:13  Marine x2  
  62  8:15  Marine x2  
  62  8:18  Missile Turret  
  66  8:25  Factory Tech Lab  
  66  8:31  Marine x2  
  66  8:33  Marine x2  
  70  8:36  SCV  
  70  8:38  Starport  
  71  8:48  SCV  
  71  8:49  Marine x2  
  71  8:50  Marine  
  71  8:51  Marine  
  74  9:00  SCV  
  67  9:07  Marine x2  
  67  9:08  Marine x2  
  65  9:13  SCV  
  61  9:24  Missile Turret  
  61  9:25  SCV  
  62  9:33  Missile Turret  
  62  9:34  Missile Turret  
  62  9:35  Missile Turret  
  62  9:37  SCV  
  63  9:49  SCV  
Show
View Real Time Build Order
Export as new Build Order

zergtits Zerg - Winner!

Build Orders: Pool First 

Get SALT Encoding   

  12  0:01  Drone  
  13  0:08  Drone  
  14  0:18  Overlord  
  14  0:36  Spawning Pool  
  14  0:40  Drone  
  14  0:45  Drone  
  14  0:48  Drone  
  16  0:54  Extractor  
  16  0:56  Drone  
  16  1:03  Drone  
  17  1:12  Drone  
  18  1:23  Queen  
  18  1:25  Overlord  
  20  1:35  Drone  
  21  1:54  Drone  
  22  2:01  Overlord  
  22  2:05  Hatchery  
  21  2:12  Lair  
  21  2:18  Drone  
  21  2:22  Drone  
  23  2:23  Extractor  
  22  2:33  Drone  
  23  2:37  Drone x3  
  23  2:41  Drone  
  27  2:50  Drone  
  28  3:11  Spire  
  27  3:20  Drone x3  
  27  3:25  Extractor, Drone  
  27  3:26  Extractor  
  29  3:27  Drone x2  
  29  3:28  Drone  
  29  3:30  Overlord  
  32  3:46  Drone x2  
  34  3:56  Queen  
  34  3:57  Drone  
  34  3:58  Drone  
  38  4:06  Drone  
  38  4:07  Drone x3  
  42  4:16  Spire  
  41  4:18  Drone  
  41  4:20  Drone  
  43  4:24  Overlord  
  43  4:40  Mutalisk x3  
  43  4:43  Mutalisk  
  43  4:44  Mutalisk  
  53  4:52  Mutalisk  
  53  4:54  Overlord  
  55  5:03  Mutalisk  
  57  5:11  Mutalisk  
  59  5:14  Drone  
  59  5:15  Drone x4  
  59  5:16  Drone  
  59  5:20  Mutalisk  
  67  5:22  Overlord  
  67  5:39  Spore Crawler, Mutalisk  
  67  5:40  Mutalisk  
  70  5:45  Drone  
  70  5:48  Mutalisk  
  73  5:57  Mutalisk  
  75  6:11  Overlord  
  75  6:12  Overlord  
  75  6:29  Overlord x2  
  75  6:41  Zergling x2  
  75  6:42  Zergling x14  
  83  7:07  Overlord x4  
  83  7:11  Metabolic Boost  
  83  7:18  Hatchery  
  82  7:31  Zergling x14  
  82  7:36  Zergling x2  
  90  8:10  Drone  
  90  8:11  Drone x7  
  98  8:19  Evolution Chamber  
  97  8:21  Evolution Chamber  
  97  8:22  Evolution Chamber  
  97  8:25  Roach Warren  
  94  8:31  Drone x4  
  98  8:35  Extractor  
  98  8:37  Extractor  
  98  8:41  Zergling x16  
  97  8:45  Queen  
  106  8:56  Zergling x6  
  106  8:57  Zergling x2  
  110  9:08  Zergling x2  
  110  9:09  Zergling x4  
  109  9:33  Drone x3  
  109  9:34  Drone x3  
  115  9:43  Roach  
  115  9:44  Roach x4  
  115  9:45  Roach x2  
  129  9:53  Baneling Nest  
Tags
 
Add a new tag
Caveats
  • Supply blocks, unpowered buildings, or Contaminate may cause inaccurate times.
  • Supply counts are checked every 10 seconds.